 Dungeon Crawl Stone Soup version 0.22-a0-603-gfc1114d (console) character file.

553 Goblin1989 the Scratcher (level 7, 0/29 HPs)
             Began as a Felid Chaos Knight on July 7, 2018.
             Splashed by a jelly's acid (4 damage)
             ... on level 6 of the Dungeon.
             The game lasted 00:19:22 (6050 turns).

Goblin1989 the Scratcher (Felid Chaos Knight)       Turns: 6050, Time: 00:19:23

Health: 0/29       AC: -5    Str: 11    XL:     7   Next: 8%
Magic:  9/9        EV: 22    Int: 10    God:    Xom [*.....]
Gold:   310        SH:  0    Dex: 19    Spells: 6/6 levels left
                                        Lives:  0   Deaths: 2

rFire    + + .     SeeInvis +     - Unarmed
rCold    + . .     Gourm    .   (shield unavailable)
rNeg     . . .     Faith    .   (armour unavailable)
rPois    .         Spirit   .   (helmet unavailable)
rElec    .         Reflect  .   (cloak unavailable)
rCorr    .         Harm     .   (gloves unavailable)
MR       +....                  (boots unavailable)
Stlth    ++++......             (no amulet)
HPRegen  0.09/turn              f - ring of protection from fire
MPRegen  0.11/turn              v - +3 ring of strength

@: corroded, quick
A: very small, no armour, no weapons or thrown items, stealth, claws 1, fangs 3,
horns 1, thin metallic scales 1, thin skeletal structure 1, yellow scales 1, see
invisible, carnivore, dopey 2, fire resistance 1, speed 1, frail 1, mutation
resistance 1, shaggy fur 3, slow metabolism 1, wild magic 1, sharp paws
a: Renounce Religion


You were on level 6 of the Dungeon.
You worshipped Xom.
You were a special plaything of Xom.
You were not hungry.

You visited 1 branch of the dungeon, and saw 6 of its levels.

You collected 310 gold pieces.

Inventory:

Jewellery
 f - a ring of protection from fire (left paw)
 v - a +3 ring of strength (right paw)
 z - the ring "Cegerir" {*Tele *Drain Int+3 Dex+4}
   (You found it on level 4 of the Dungeon)

   [ring of teleportation]

   It may teleport you next to monsters.
   It affects your intelligence (+3).
   It affects your dexterity (+4).
   It causes draining when unequipped.
Wands
 y - a wand of disintegration (8)
Scrolls
 i - 8 scrolls of identify {unknown}
 j - 3 scrolls of fog {unknown}
 l - 3 scrolls of enchant weapon {unknown}
 n - a scroll of random uselessness {unknown}
 p - 6 scrolls of remove curse {unknown}
 q - a scroll of amnesia {unknown}
 s - 2 scrolls of enchant armour {unknown}
 B - a scroll of fear {unknown}
 D - a scroll of immolation {unknown}
 E - a scroll of magic mapping {unknown}
 G - 3 scrolls of vulnerability {unknown}
Potions
 o - a potion of curing {@q1}
 u - 2 potions of cancellation {unknown}
 w - a potion of ambrosia {unknown}
 F - 2 potions of lignification {unknown}
Comestibles
 e - 12 rations


   Skills:
 + Level 5.1 Fighting
 + Level 6.1 Dodging
 + Level 5.5 Stealth
 * Level 6.6 Unarmed Combat
 + Level 2.5 Evocations


You had 6 spell levels left.
You didn't know any spells.
Your spell library was empty.

Dungeon Overview and Level Annotations

Branches:
Dungeon (6/15)             Temple (0/1) D:4

Altars:
Cheibriados
Elyvilon
Hepliaklqana
Makhleb
Ru
Uskayaw
Vehumet
Xom
Yredelemnul
The Shining One


Innate Abilities, Weirdness & Mutations

You cannot wear armour.
You are incapable of wielding weapons or throwing items.
Your paws allow you to move quietly. (Stealth)
You have sharp claws.
You have razor-sharp teeth.
You have supernaturally acute eyesight. (SInv)
You are carnivorous and can eat meat at any time.
You cover ground quickly.
Your thick and shaggy fur keeps you warm. (AC +3, rC+)
You have a slow metabolism.
Your sharp claws are effective at attacking unaware monsters.
You have a pair of small horns on your head.
You are partially covered in thin metallic scales. (AC +2)
You have a somewhat thin skeletal structure. (Dex +2, Stealth)
You are partially covered in yellow scales. (AC +2)
You are very dopey. (Int -4)
Your flesh is heat resistant. (rF+)
You are frail. (-10% HP)
You are somewhat resistant to further mutation.
Your spells are a little harder to cast, but a little more powerful.


Message History

You scratch the hound skeleton.
Your headbutt misses the hound skeleton.
The hound skeleton is lightly damaged.
The hound skeleton bites you.
You take 2 damage, and have 27/29 hp.
You barely miss the hound skeleton.
Your headbutt misses the hound skeleton.
The hound skeleton is lightly damaged.
The hound skeleton completely misses you.
You scratch the hound skeleton.
The hound skeleton is heavily damaged.
The hound skeleton completely misses you.
You scratch the hound skeleton. You headbutt the hound skeleton.
The hound skeleton is severely damaged.
The hound skeleton bites you.
You take 4 damage, and have 23/29 hp.
You claw the hound skeleton!
You destroy the hound skeleton!
You completely miss the adder. The adder barely misses you.
You scratch the adder.
The adder is moderately wounded.
The adder misses you.
You closely miss the adder. You headbutt the adder.
The adder is heavily wounded.
The adder barely misses you. x2
You scratch the adder. Your bite misses the adder.
The adder is almost dead.
The adder bites you.
* * * LOW HITPOINT WARNING * * *
You take 5 damage, and have 18/29 hp.
You scratch the adder but do no damage. Your headbutt misses the adder.
The adder is almost dead.
The adder bites you but does no damage.
You scratch the adder.
You kill the adder!
The adder's corpse degenerates into a cloud of primal chaos!
Really walk into that cloud of seething chaos?
Okay, then.
Unknown command.
Really walk into that cloud of seething chaos?
Okay, then.
HP restored.
You now have 310 gold pieces (gained 17).
The giant cockroach is too close now for your liking.
Health restored: 29 A giant cockroach is nearby!
Unknown command.
The giant cockroach barely misses you.
You claw the giant cockroach!
You kill the giant cockroach!
Unknown command.
No target in view!
No target in view!
No target in view!
No target in view!
Found a stone staircase leading down.
Xom does a drum roll.
You hear a bark!
The jelly is too close now for your liking.
The jelly closely misses you.
You scratch the jelly. The acid corrodes you!
Your paws burn!
You headbutt the jelly, but do no damage.
You bite the jelly.
The jelly is lightly wounded.
You take 4 damage, and have 25/29 hp.
You scratch the jelly.
Your paws burn!
* * * LOW HITPOINT WARNING * * *
You headbutt the jelly.
The jelly is moderately wounded.
The jelly hits you but does no damage.
You take 4 damage, and have 21/29 hp.
You scratch the jelly. The acid corrodes you!
Your paws burn!
* * * LOW HITPOINT WARNING * * *
You headbutt the jelly.
The jelly is almost dead.
The jelly completely misses you.
You take 5 damage, and have 16/29 hp.
You are too injured to fight recklessly!
You are too injured to fight recklessly!
Unknown command.
You scratch the jelly but do no damage.
Your paws burn!
* * * LOW HITPOINT WARNING * * *
Your headbutt misses the jelly.
The jelly is almost dead.
The jelly completely misses you.
You take 5 damage, and have 11/29 hp.
You scratch the jelly but do no damage. The acid corrodes you!
Your paws burn!
* * * LOW HITPOINT WARNING * * *
The jelly is almost dead.
The jelly closely misses you.
You take 4 damage, and have 7/29 hp.
You scratch the jelly but do no damage.
Your paws burn!
* * * LOW HITPOINT WARNING * * *
You bite the jelly, but do no damage.
The jelly is almost dead.
The jelly misses you.
You take 3 damage, and have 4/29 hp.
You scratch the jelly but do no damage.
Your paws burn!
You die...
Xom titters!

█......[.█
██...█████ █.█.█
█████>█.██████████
....███..........█
....█ ██████████.█
....█ █...█ ....█
███.█ ...)█ █@█
..).█


█J█ ....██████ █.█ .........█ █.. .....███.█ ████ ████...█.█ █os █...█.█ █h█ █
█...█.█ █c█ █..█...█.██████)████ You could see a jelly.

Vanquished Creatures
  An orc warrior (D:6)
  4 ogres
  A phantom (D:5)
  Blork the orc (D:5)
  A bullfrog (D:6)
  2 water moccasin skeletons
  2 crimson imps
  A centaur skeleton (D:4)
  An orc priest (D:6)
  An orc wizard (D:6)
  A worker ant (D:4)
  A hound skeleton (D:5)
  11 adders
  A shadow imp (D:6)
  2 worms (D:3)
  An adder zombie (D:6)
  3 dart slugs
  2 leopard geckos
  5 orcs
  8 giant cockroaches
  8 goblins
  9 hobgoblins
  3 jackals
  6 quokkas
  3 ball pythons
  4 bats
  9 frilled lizards
  7 kobolds
  10 rats
109 creatures vanquished.

Vanquished Creatures (others)
  An orc priest (D:6)
  An adder (D:4)
  A leopard gecko (D:6)
  A bush (D:4)
4 creatures vanquished.

Grand Total: 113 creatures vanquished

Notes
Turn   | Place    | Note
-------+----------+-------------------------------------------
     0 | D:1      | Goblin1989 the Felid Chaos Knight began the quest for the Orb.
     0 | D:1      | Reached XP level 1. HP: 10/10 MP: 2/2
    50 | D:1      | XOM: harmless Ice miscast
    53 | D:1      | XOM: scenery: create altars
   179 | D:1      | Reached XP level 2. HP: 10/14 MP: 3/3
   200 | D:1      | XOM: noise
   206 | D:1      | Reached skill level 1 in Stealth
   821 | D:2      | Reached XP level 3. HP: 17/17 MP: 4/4
  1102 | D:1      | XOM: medium Pois miscast
  1221 | D:1      | XOM: give mutations
  1221 | D:1      | Gained mutation: You are weak. (Str -2) [Xom's mischief]
  1221 | D:1      | Gained mutation: You are dopey. (Int -2) [Xom's mischief]
  1265 | D:2      | Found a radiant altar of Vehumet.
  1656 | D:2      | XOM: fog
  1676 | D:2      | Reached XP level 4. HP: 19/21 MP: 5/5
  1682 | D:2      | XOM: give mutation
  1682 | D:2      | Gained mutation: You have a somewhat thin skeletal structure. (Dex +2, Stealth) [Xom's grace]
  1881 | D:2      | HP: 1/21 [poisoned by a goblin]
  1884 | D:2      | Succumbed to a goblin's poison
  1885 | D:2      | Reached XP level 3. HP: 0/17 MP: 4/4
  2017 | D:2      | XOM: give mutations
  2017 | D:2      | Gained mutation: You have a pair of small horns on your head. [Xom's grace]
  2017 | D:2      | Lost mutation: You are dopey. (Int -2) [Xom's grace]
  2017 | D:2      | Gained mutation: You are partially covered in yellow scales. (AC +2) [Xom's grace]
  2110 | D:3      | XOM: god gift: ration {god gift}
  2264 | D:3      | XOM: 2-stop teleportation journey
  2417 | D:3      | Found a white marble altar of Elyvilon.
  2547 | D:3      | XOM: divination: detect items
  2625 | D:3      | XOM: butterfly on damage
  2745 | D:3      | Reached XP level 4. HP: 22/22 MP: 5/5
  3075 | D:3      | Reached XP level 5. HP: 25/25 MP: 6/6
  3168 | D:3      | Noticed an ogre
  3177 | D:3      | Killed an ogre
  3190 | D:3      | XOM: harmless Tloc miscast
  3442 | D:4      | Reached skill level 5 in Unarmed Combat
  3615 | D:4      | Gained mutation: You are covered in thick fur. (AC +2) [Felid growth]
  3615 | D:4      | Reached XP level 6. HP: 28/28 MP: 7/7
  3709 | D:4      | XOM: medium Necr miscast
  3710 | D:4      | Noticed a shadow
  3710 | D:4      | Noticed a shadow
  3893 | D:4      | Reached skill level 5 in Dodging
  3893 | D:4      | XOM: destruction
  3902 | D:4      | Found a staircase to the Ecumenical Temple.
  4026 | D:4      | XOM: silly message
  4152 | D:4      | Found a hide-covered altar of Uskayaw.
  4155 | D:4      | Found a sacrificial altar of Ru.
  4160 | D:4      | Got a warped granite ring
  4162 | D:4      | Identified the ring "Cegerir" {*Tele *Drain Int+3 Dex+4} (You found it on level 4 of the Dungeon)
  4217 | D:4      | Found a hazy altar of Hepliaklqana.
  4217 | D:4      | Found a basalt altar of Yredelemnul.
  4217 | D:4      | Found a glowing golden altar of the Shining One.
  4217 | D:4      | XOM: 1-stop teleportation journey
  4328 | D:4      | XOM: give mutations
  4328 | D:4      | Gained mutation: You are frail. (-10% HP) [Xom's mischief]
  4328 | D:4      | Gained mutation: You are dopey. (Int -2) [Xom's mischief]
  4348 | D:4      | Found a burning altar of Makhleb.
  4350 | D:4      | Found a snail-covered altar of Cheibriados.
  4394 | D:4      | XOM: give mutation
  4394 | D:4      | Gained mutation: Your flesh is heat resistant. (rF+) [Xom's grace]
  4420 | D:4      | XOM: mild Conj miscast
  4641 | D:4      | XOM: give mutations
  4641 | D:4      | Lost mutation: You are weak. (Str -2) [Xom's mischief]
  4641 | D:4      | Gained mutation: You are somewhat resistant to further mutation. [Xom's mischief]
  4658 | D:5      | Entered Level 5 of the Dungeon
  4710 | D:5      | Noticed Blork the orc
  4722 | D:5      | Killed Blork the orc
  4875 | D:5      | Reached XP level 7. HP: 29/29 MP: 8/8
  4921 | D:5      | Reached skill level 1 in Evocations
  5011 | D:5      | XOM is BORED!
  5011 | D:5      | XOM: medium Fire miscast
  5187 | D:5      | XOM: cleaving
  5409 | D:5      | XOM: give mutations
  5409 | D:5      | Gained mutation: Your thick and shaggy fur keeps you warm. (AC +3, rC+) [Xom's mischief]
  5409 | D:5      | Gained mutation: You are partially covered in thin metallic scales. (AC +2) [Xom's mischief]
  5409 | D:5      | Gained mutation: You are very dopey. (Int -4) [Xom's mischief]
  5409 | D:5      | Gained mutation: Your spells are a little harder to cast, but a little more powerful. [Xom's mischief]
  5513 | D:5      | Reached skill level 5 in Stealth
  5827 | D:6      | XOM: medium Tloc miscast
  5831 | D:6      | XOM: chaos cloud
  5849 | D:6      | Reached skill level 5 in Fighting
  5851 | D:6      | Reached XP level 8. HP: 9/33 MP: 10/10
  5862 | D:6      | Shot with an arrow by a centaur
  5863 | D:6      | Reached XP level 7. HP: -2/29 MP: 9/9
  5875 | D:6      | XOM: summons 4 hostile shadow creatures
  6036 | D:6      | XOM: noise
  6050 | D:6      | Splashed by a jelly's acid

Vault maps used:
D:1:      eino_arrival_tree_alley
D:2:      lemuel_crystal_altar
D:3:      old_standard_altar, minmay_hedge_maze, minmay_close_crescents
D:4:      minitemple, minmay_temple_entry_trees
D:5:      first_ration, uniq_blork_the_orc
D:6:      serial_shops, nicolae_shop_statue_plus

Skill      XL: |  1  2  3  4  5  6  7 |
---------------+----------------------+-----
Stealth        | 1 2 3 4 5 |  5.5
Unarmed Combat | 4 5 6 |  6.6
Dodging        | 4 5 6 |  6.1
Fighting       | 4 5 |  5.1
Evocations     | 2 |  2.5

Action                   |  1- 3 |  4- 6 |  7- 9 || total
-------------------------+-------+-------+-------++-------
Melee: Unarmed           |   166 |   113 |    65 ||   344
       Bite              |    12 |     9 |     8 ||    29
       Headbutt          |    10 |    11 |     8 ||    29
       Punch             |     3 |     2 |     1 ||     6
Evoke: Wand              |       |       |     4 ||     4
  Use: Potion            |     2 |     1 |       ||     3
 Stab: Sleeping          |     8 |    13 |     7 ||    28
  Eat: Chunk             |    16 |     4 |     1 ||    21
Armor: Skin              |     3 |     9 |    11 ||    23
Dodge: Dodged            |   119 |    83 |    56 ||   258

Table legend:
 A = Spawn XP
 B = Non-spawn XP
 C = Spawn XP percentage of total XP
 D = Spawn monster count
 E = Non-spawn monster count
 F = Spawn count percentage of total count
 G = Total turns spent on level
                    A         B        C        D         E        F      G
               +---------+---------+-------+---------+---------+-------+---------
         Total |       0 |    1605 |   0.0 |       0 |     109 |   0.0 |  6050
               +---------+---------+-------+---------+---------+-------+---------
           D:1 |       0 |      34 |   0.0 |       0 |      20 |   0.0 |  1089
           D:2 |       0 |      86 |   0.0 |       0 |      24 |   0.0 |   975
           D:3 |       0 |     280 |   0.0 |       0 |      33 |   0.0 |  1342
           D:4 |       0 |     265 |   0.0 |       0 |      13 |   0.0 |  1252
           D:5 |       0 |     503 |   0.0 |       0 |      11 |   0.0 |  1087
           D:6 |       0 |     437 |   0.0 |       0 |       8 |   0.0 |   305
               +---------+---------+-------+---------+---------+-------+---------

Vault maps used:
D:1:      eino_arrival_tree_alley
D:2:      lemuel_crystal_altar
D:3:      old_standard_altar, minmay_hedge_maze, minmay_close_crescents
D:4:      minitemple, minmay_temple_entry_trees
D:5:      first_ration, uniq_blork_the_orc
D:6:      serial_shops, nicolae_shop_statue_plus
